 Dungeon Crawl Stone Soup version 0.20-a0-350-ga83eecc (webtiles) character file.

1241 mopl the Covert (level 8, -5/38 HPs)
             Began as a Deep Elf Assassin on Dec 24, 2016.
             Was an Elder of Jiyva.
             Slain by Prince Ribbit (13 damage)
             ... on level 6 of the Dungeon.
             The game lasted 00:09:10 (4832 turns).

mopl the Covert (Deep Elf Assassin)                 Turns: 4832, Time: 00:09:11

Health: -5/38      AC:  5    Str:  8    XL:     8   Next: 25%
Magic:  13/13      EV: 12    Int: 14    God:    Jiyva [****..]
Gold:   220        SH:  0    Dex: 21    Spells: 6/11 levels left

rFire  . . .     SeeInvis +     a - +1 dagger (venom)
rCold  . . .     Gourm    .     c - +0 robe
rNeg   . . .     Faith    .     (no shield)
rPois  .         Spirit   .     y - +0 hat
rElec  .         Reflect  .     d - +0 cloak
rCorr  +         Harm     .     k - +0 pair of gloves
MR     .....                    l - +0 pair of boots
Stlth  +++++.....               I - amulet of regeneration
                                (no ring)
                                r - ring of see invisible

@: no status effects
A: frail 1
a: Request Jelly, Slimify, Renounce Religion


You were on level 6 of the Dungeon.
You worshipped Jiyva.
Jiyva was greatly pleased with you.
You were very full.

You visited 1 branch of the dungeon, and saw 6 of its levels.

You collected 220 gold pieces.

Inventory:

Hand Weapons
 a - a +1 dagger of venom (weapon)
 b - a +0 blowgun
 u - a +2 short sword of speed
Missiles
 e - 28 poisoned needles
 f - a curare-tipped needle
 B - 3 javelins (quivered)
 M - 2 throwing nets
Armour
 c - a +0 robe (worn)
 d - a +0 cloak (worn)
 k - a +0 pair of gloves (worn)
 l - a +0 pair of boots (worn)
 y - a +0 hat (worn)
Jewellery
 r - a ring of see invisible (left hand)
 I - an amulet of regeneration (around neck)
Wands
 w - a wand of paralysis (6/24)
 N - a wand of random effects (14/48)
Scrolls
 h - 4 scrolls of remove curse {unknown}
 i - a scroll of enchant weapon {unknown}
 n - 5 scrolls of identify {unknown}
 s - a scroll of recharging {unknown}
 t - 3 scrolls of teleportation {unknown}
 v - a scroll of magic mapping {unknown}
 z - 2 scrolls of enchant armour {unknown}
 E - a scroll of immolation {unknown}
Potions
 j - a potion of magic {unknown}
 m - a potion of cancellation {unknown}
 p - a potion of cure mutation {unknown}
 x - 2 potions of agility {unknown}
 C - a potion of might {unknown}
 F - a potion of curing {unknown}
 H - a potion of haste {unknown}
 L - a potion of brilliance {unknown}
Books
 K - a book of Maledictions

   Spells                             Type                      Level
   a - Corona                         Hexes                        1
   b - Ensorcelled Hibernation        Hexes/Ice                    2
   c - Confuse                        Hexes                        3
   d - Tukima's Dance                 Hexes                        3
   e - Dazzling Spray                 Conjuration/Hexes            3
Comestibles
 g - 2 bread rations
 o - 2 royal jellies
 q - a beef jerky
 A - a slice of pizza
 G - 2 fruits
 J - 2 meat rations


   Skills:
 - Level 1.5 Fighting
 + Level 5.3 Short Blades
 + Level 4.9 Throwing
 - Level 1.2 Dodging
 * Level 10.0 Stealth
 + Level 2.1 Spellcasting
 + Level 1.8 Hexes


You had 6 spell levels left.
You knew the following spells:

 Your Spells              Type           Power        Failure   Level  Hunger
b - Ensorcelled Hibernat  Hex/Ice        #.....       30%         2    ###....
c - Confuse               Hex            #.......     38%         3    ####...


Dungeon Overview and Level Annotations

Branches:
Dungeon (6/15)             Temple (0/1) D:5

Altars:
Elyvilon
Hepliaklqana
Kikubaaqudgha
Makhleb
Nemelex Xobeh
Okawaru
Yredelemnul
Jiyva

Shops:
D:6 %

Annotations:
D:6 Prince Ribbit


Innate Abilities, Weirdness & Mutations

You are frail. (-10% HP)


Message History

Jiyva says: Divide and consume!
You completely miss Prince Ribbit.
Prince Ribbit is moderately wounded.
Prince Ribbit barely misses you.
You hit Prince Ribbit.
Prince Ribbit looks as sick as possible!
Prince Ribbit is moderately wounded.
Prince Ribbit hits you.
You miss Prince Ribbit.
Prince Ribbit is moderately wounded.
Prince Ribbit closely misses you.
You barely miss Prince Ribbit.
Prince Ribbit is moderately wounded.
Prince Ribbit hits you!
* * * LOW HITPOINT WARNING * * *
You hit Prince Ribbit.
Prince Ribbit looks as sick as possible!
Prince Ribbit is heavily wounded.
Prince Ribbit hits you!
You die...

#..###.....##......###
#..###.##..........#
#..##..####......#..#
#..##.## ##.....#..#
###..#..# ##.....##.#
.........# #......# ..
#........## ##..J....
.#
....####..###....##...
... ##.....@F.# ..
#.(.#......# .
......####....#
.......# #.$.....
.#####.. ......... #..
....####. ##. ...##
....#


You could see Prince Ribbit and a neutral jelly (fellow slime).

Vanquished Creatures
  Sigmund (D:3)
  Eustachio (D:5)
  3 ogres
  A sky beast (D:3)
  A scorpion (D:4)
  A howler monkey (D:5)
  A crimson imp (D:3)
  A bullfrog zombie (D:5)
  2 hounds
  An orc priest (D:4)
  Natasha (twice) (D:3)
  3 worker ants
  6 gnolls
  4 adders
  An ooze (D:1)
  3 worms
  2 dart slugs (D:1)
  3 leopard geckos
  5 orcs
  2 ball pythons
  7 bats
  8 giant cockroaches
  5 goblins (D:2)
  10 hobgoblins
  12 jackals
  4 quokkas
  3 frilled lizards
  21 kobolds
  16 rats
130 creatures vanquished.

Vanquished Creatures (others)
  A phantom (D:4)
  A big kobold (D:4)
  7 jellies
  A hound (D:4)
  An iguana (D:5)
  Natasha (D:3)
  A worker ant (D:4)
  2 oozes
  2 orcs
  2 goblins (D:5)
  A hobgoblin (D:4)
  A quokka (D:5)
  A frilled lizard (D:4)
  11 kobolds (D:4)
  A plant (D:4)
34 creatures vanquished.

Grand Total: 164 creatures vanquished

Notes
Turn   | Place    | Note
-------+----------+-------------------------------------------
     0 | D:1      | mopl the Deep Elf Assassin began the quest for the Orb.
     0 | D:1      | Reached XP level 1. HP: 12/12 MP: 3/3
   106 | D:1      | Reached skill level 5 in Stealth
   160 | D:1      | Reached XP level 2. HP: 7/16 MP: 4/4
   569 | D:1      | Reached XP level 3. HP: 16/20 MP: 5/5
  1109 | D:2      | Found an ancient bone altar of Kikubaaqudgha.
  1312 | D:2      | Reached XP level 4. HP: 25/25 MP: 6/6
  1335 | D:2      | Reached skill level 6 in Stealth
  1349 | D:2      | You fall through a shaft for 2 floors!
  1351 | D:4      | Reached skill level 3 in Short Blades
  1359 | D:4      | Reached skill level 3 in Throwing
  1554 | D:3      | Noticed Natasha
  1566 | D:4      | Reached XP level 5. HP: 12/29 MP: 7/7
  1762 | D:3      | Noticed a sky beast
  1814 | D:3      | Killed a sky beast
  1814 | D:3      | Reached skill level 7 in Stealth
  2037 | D:3      | Killed Natasha
  2037 | D:3      | Reached XP level 6. HP: 12/34 MP: 8/8
  2306 | D:2      | Found a faded altar of an unknown god.
  2332 | D:2      | Became a worshipper of Jiyva Jommoir the Shapeless
  2332 | D:2      | Reached * piety under Jiyva
  2567 | D:2      | Found a hazy altar of Hepliaklqana.
  2725 | D:2      | Reached ** piety under Jiyva
  2838 | D:3      | Noticed Sigmund
  2855 | D:3      | Killed Sigmund
  2855 | D:3      | Reached skill level 4 in Short Blades
  2855 | D:3      | Reached skill level 4 in Throwing
  2855 | D:3      | Reached skill level 8 in Stealth
  2974 | D:3      | Noticed Natasha
  2985 | D:3      | Killed Natasha
  3015 | D:3      | Killed Natasha
  3019 | D:3      | Found a burning altar of Makhleb.
  3032 | D:3      | Reached XP level 7. HP: 36/38 MP: 9/9
  3275 | D:4      | Reached *** piety under Jiyva
  3316 | D:4      | Gained mutation: You are robust. (+10% HP) [Jiyva's grace]
  3351 | D:4      | Reached **** piety under Jiyva
  3378 | D:4      | Lost mutation: You are robust. (+10% HP) [Jiyva's grace]
  3536 | D:4      | Reached skill level 9 in Stealth
  3682 | D:4      | Found a basalt altar of Yredelemnul.
  3689 | D:4      | Found a white marble altar of Elyvilon.
  3691 | D:4      | Found a sparkling altar of Nemelex Xobeh.
  3989 | D:5      | Entered Level 5 of the Dungeon
  4055 | D:5      | Found an iron altar of Okawaru.
  4083 | D:5      | Learned a level 2 spell: Ensorcelled Hibernation
  4087 | D:5      | Learned a level 3 spell: Confuse
  4127 | D:5      | Found a staircase to the Ecumenical Temple.
  4128 | D:5      | Noticed Eustachio
  4133 | D:5      | Killed Eustachio
  4133 | D:5      | Reached skill level 5 in Short Blades
  4133 | D:5      | Reached skill level 1 in Spellcasting
  4133 | D:5      | Reached skill level 1 in Hexes
  4133 | D:5      | Reached XP level 8. HP: 43/43 MP: 9/11
  4191 | D:5      | Gained mutation: You are frail. (-10% HP) [Jiyva's grace]
  4286 | D:5      | Reached skill level 10 in Stealth
  4286 | D:5      | Reached skill level 2 in Spellcasting
  4302 | D:5      | Reached ***** piety under Jiyva
  4718 | D:6      | Noticed a two-headed ogre
  4741 | D:6      | Slimified a two-headed ogre
  4741 | D:6      | Noticed a slime creature
  4741 | D:6      | a two-headed ogre changed into a slime creature
  4770 | D:6      | Found Kaimpyul's Food Shoppe.
  4815 | D:6      | Noticed Prince Ribbit
  4832 | D:6      | Slain by Prince Ribbit

Vault maps used:
D:1:      evilmike_arrival_hilbert_curve, serial_bayou_pond_c, minmay_tall_x
D:2:      nicolae_overflow_crystal_walls, marbit_many_paths,
          chequers_ecumenical_altar_twisty, kennysheep_doodads
D:3:      makhleb_grotto_becter, first_bread, uniq_sigmund, uniq_natasha
D:4:      kennysheep_kobold_camp, grunt_temple_overflow_open
D:5:      kennysheep_okawaru_gauntlet, uniq_eustachio
D:6:      serial_shops, shop, lemuel_blue_sif_altar, uniq_prince_ribbit1

Skill      XL: |  1  2  3  4  5  6  7  8 |
---------------+-------------------------+-----
Stealth        | 5 6 7 8 9 10 | 10.0
Short Blades   | 3 4 5 |  5.3
Throwing       | 3 4 |  4.9
Spellcasting   | 1 2 |  2.1
Hexes          | 1 |  1.8
Fighting       | |  1.5
Dodging        | |  1.2

Action                   |  1- 3 |  4- 6 |  7- 9 || total
-------------------------+-------+-------+-------++-------
Melee: Dagger            |   114 |   155 |   168 ||   437
 Fire: Blowgun           |     3 |     6 |       ||     9
Invok: Slimify           |       |       |     1 ||     1
 Stab: Sleeping          |    10 |    11 |    12 ||    33
       Distracted        |       |       |     1 ||     1
  Eat: Chunk             |     1 |     5 |     1 ||     7
Armor: Robe              |    36 |    27 |    27 ||    90
Dodge: Dodged            |    54 |    72 |    83 ||   209
